 Dungeon Crawl Stone Soup version 0.30-a0-359-gd0147acb1a (webtiles) character file.

Game seed: 6269340364054455747

16741 oldriver the Eclecticist (level 12, -16/84 HPs)
             Began as a Mummy Necromancer on Nov 12, 2022.
             Was a Priest of Hepliaklqana.
             Demolished by a reaper
             ... wielding a +2 scythe of freezing
              (27 damage)
             ... in an ice cave.
             The game lasted 00:35:34 (16616 turns).

oldriver the Eclecticist (Mummy Necromancer)       Turns: 16616, Time: 00:35:34

Health: -16/84     AC: 13    Str: 17    XL:     12   Next: 12%
Magic:  2/31       EV: 11    Int: 20    God:    Hepliaklqana [***...]
Gold:   784        SH:  8    Dex: 12    Spells: 28/41 levels left

rFire   x . .      SeeInvis .    h - +8 short sword (venom)
rCold   + . .      Faith    +    q - +2 kite shield
rNeg    + + +      Spirit   .    B - +2 troll leather armour
rPois   ∞          Reflect  .    f - +0 helmet
rElec   .          Harm     .    (no cloak)
rCorr   .          Rampage  .    l - +2 pair of gloves
Will    ++...                    b - +2 pair of boots
Stlth   ++........               p - amulet of regeneration
HPRegen 1.94/turn                d - ring of willpower
MPRegen 0.22/turn                t - +6 ring of strength

@: studying Throwing
A: reduced essence, cold resistance 1, negative energy resistance 3, torment
resistance 2, heat vulnerability 1, in touch with death 1, no potions, faith
a: Renounce Religion, Recall Ancestor, Ancestor Identity, Transference


You were in an ice cave.
You worshipped Hepliaklqana.
Hepliaklqana was most pleased with you.
You visited 3 branches of the dungeon, and saw 13 of its levels.
You also visited: Ice Cave.

You collected 784 gold pieces.

Inventory:

Hand Weapons
 h - a +8 short sword of venom (weapon)
Missiles
 s - 2 throwing nets
 y - 40 stones
Armour
 b - a +2 pair of boots (worn)
 f - a +0 helmet (worn)
 l - a +2 pair of gloves (worn)
 q - a +2 kite shield (worn)
 B - a +2 troll leather armour (worn)
Jewellery
 d - a ring of willpower (left hand)
 j - an amulet of reflection
 p - an amulet of regeneration (around neck)
 t - a +6 ring of strength (right hand)
Wands
 i - a wand of flame (18)
 k - a wand of digging (5)
 r - a wand of acid (6)
 u - a wand of charming (5)
 w - a wand of mindburst (11)
Scrolls
 a - 2 scrolls of poison
 c - 3 scrolls of magic mapping
 e - 2 scrolls of noise
 g - 4 scrolls of teleportation
 m - a scroll of amnesia
 o - 2 scrolls of fear
 v - a scroll of fog


   Skills:
 + Level 8.9 Fighting
 + Level 3.0 Armour
 + Level 5.0 Dodging
 - Level 3.0 Stealth
 + Level 0.3 Shields
 * Level 15.0 Spellcasting
 + Level 3.1 Conjurations
 - Level 9.0 Necromancy
 + Level 4.2 Earth Magic


You had 28 spell levels left.
You knew the following spells:

 Your Spells              Type           Power      Damage    Failure   Level
a - Necrotise             Necr           100%       1d9       1%          1
b - Vampiric Draining     Necr           67%        2d10      1%          3
c - Sandblast             Erth           62%        2d14      3%          1
d - Agony                 Necr           67%        N/A       12%         5
e - Stone Arrow           Conj/Erth      58%        3d10      12%         3

Your spell library contained the following spells:

 Spells                   Type           Power      Damage    Failure   Level
 Animate Dead             Necr           67%        N/A       4%          4
 Passwall                 Tmut/Erth      19%        N/A       11%         2
 Apportation              Tloc           30%        N/A       17%         1
 Sting                    Tmut/Pois      60%        1d6       17%         1
 Summon Small Mammal      Summ           60%        N/A       17%         1
 Ensorcelled Hibernation  Hex/Ice        30%        N/A       26%         2
 Poisonous Vapours        Pois/Air       30%        N/A       26%         2
 Dazzling Flash           Conj/Hex       42%        N/A       26%         3
 Call Canine Familiar     Summ           15%        N/A       45%         3
 Portal Projectile        Hex/Tloc       30%        N/A       45%         3
 Summon Guardian Golem    Hex/Summ       15%        N/A       45%         3
 Swiftness                Air            15%        N/A       45%         3
 Tukima's Dance           Hex            15%        N/A       45%         3
 Olgreb's Toxic Radiance  Pois           15%        N/A       86%         4
 Silence                  Hex/Air        7%         N/A       99%         5
 Summon Forest            Summ/Tloc      7%         N/A       99%         5
 Summon Mana Viper        Hex/Summ       15%        N/A       99%         5
 Summon Cactus Giant      Summ           7%         N/A       100%        6
 Blade Hands              Tmut           Unusable   N/A       N/A         5

Dungeon Overview and Level Annotations

Branches:
Dungeon (11/15)            Temple (1/1) D:7            Lair (1/5) D:11
  IceCv (1/1)
    Orc: D:9-12

Altars:
Ashenzari
Cheibriados
Dithmenos
Fedhas
Gozag
Hepliaklqana
Kikubaaqudgha
Makhleb
Nemelex Xobeh
Okawaru
Qazlal
Ru
Sif Muna
Trog
Uskayaw
Vehumet
Wu Jian
Xom
Yredelemnul

Shops:
D:2 *

Annotations:
D:8 3 runed translucent doors, bakla's ghost, novice DEEE; osoart's ghost, novice OgGl
Lair:1 Fannar


Innate Abilities, Weirdness & Mutations

Your life essence is reduced to manifest your ancestor. (-10% HP)
You are immune to poison.
Your flesh is cold resistant. (rC+)
You are immune to negative energy. (rN+++)
You are immune to unholy pain and torment.
You are vulnerable to heat. (rF-)
You are in touch with the powers of death.
You do not drink.
You have a special connection with the divine. (Faith)


Message History

Aiming: Stone Arrow (dangerous; 12% risk of failure)
Press: ? - help, Shift-Dir - straight line, f/p - reaper
Aim: a reaper, wielding a +2 scythe of freezing, wearing a +2 robe of cold resistance and wearing a ring of ice (almost dead, ally target, 71% to hit)
The stone arrow misses the reaper.
Caliana avoids your attack.
The reaper hits you from afar with a +2 scythe of freezing.
Caliana closely misses the reaper.
Casting: Stone Arrow (dangerous; 12% risk of failure)
Confirm with . or Enter, or press ? or * to list all spells.
You don't have enough magic to cast this spell.
Casting: Stone Arrow (dangerous; 12% risk of failure)
Confirm with . or Enter, or press ? or * to list all spells.
Aiming: Sandblast (safe; 3% risk of failure)
Press: ? - help, Shift-Dir - straight line, f/p - reaper
Aim: a reaper, wielding a +2 scythe of freezing, wearing a +2 robe of cold resistance and wearing a ring of ice (almost dead, ally target, 84% to hit)
The blast of sand hits the reaper but does no damage.
The reaper is almost dead.
The reaper hits you from afar with a +2 scythe of freezing!
The reaper freezes you.
Caliana hits the reaper but does no damage.
You block the reaper's attack.
Caliana hits the reaper but does no damage.
Casting: Sandblast (safe; 3% risk of failure)
Confirm with . or Enter, or press ? or * to list all spells.
Aiming: Sandblast (safe; 3% risk of failure)
Press: ? - help, Shift-Dir - straight line, f/p - reaper
Aim: a reaper, wielding a +2 scythe of freezing, wearing a +2 robe of cold resistance and wearing a ring of ice (almost dead, ally target, 84% to hit)
The blast of sand hits the reaper but does no damage.
The reaper is almost dead.
The reaper hits you from afar with a +2 scythe of freezing!!
* * * LOW HITPOINT WARNING * * *
The reaper freezes you.
* * * LOW HITPOINT WARNING * * *
Caliana hits the reaper but does no damage.
Okay, then.
Aiming: Corrosive Bolt
Press: ? - help, Shift-Dir - straight line, p - reaper The bolt of acid hits the reaper.
The reaper is almost dead.
The reaper hits you from afar with a +2 scythe of freezing!!
You die...

####.......## ##
######...### .###
###.R.##
...############.2.##
.........##..)##...##
#.#...........[###R.#
######..##.....##2..#
#...##....####..##
#...###.###..@###
##....###....##
##........###
###....### ######


You could see the friendly Caliana the knight and a reaper (ally target).

Vanquished Creatures
  Erica (D:9)
  3 two-headed ogres
  A boulder beetle (D:11)
  2 ugly things
  An ice statue (IceCv)
  A komodo dragon (Lair:1)
  4 ice devils (IceCv)
  4 trolls
  An anaconda simulacrum (IceCv)
  A hornet (D:9)
  2 slime creatures
  2 shadows
  A yak (D:9)
  A wyvern (D:8)
  A steam dragon (D:6)
  A death yak simulacrum (IceCv)
  Edmund (D:4)
  A water moccasin (D:7)
  A hydra simulacrum (IceCv)
  3 orc warriors
  5 black bears
  2 ice beasts
  A centaur (D:9)
  2 phantoms
  A kobold brigand (D:6)
  3 scorpions
  4 bullfrogs
  2 necrophages
  2 gnoll sergeants
  3 two-headed ogre simulacra (IceCv)
  7 wights
  2 elephant simulacra (IceCv)
  20 killer bees
  2 electric eels (D:9)
  5 howler monkeys
  A lava snake (D:9)
  5 orc priests
  2 hounds (D:6)
  3 gnoll boudas
  9 orc wizards
  3 iguanas
  2 spriggan simulacra (IceCv)
  A troll simulacrum (IceCv)
  2 wolf simulacra (IceCv)
  19 gnolls
  8 adders
  A naga simulacrum (IceCv)
  A shadow imp (D:7)
  8 white imps
  4 ufetubi
  2 worms
  A dart slug (D:3)
  18 orcs
  4 ball pythons
  7 bats
  4 endoplasms
  2 giant cockroaches
  7 goblins
  7 hobgoblins
  2 jackals (D:4)
  2 quokkas
  3 frilled lizards
  10 kobolds
  6 rats
238 creatures vanquished.

Vanquished Creatures (collateral kills)
  Nergalle (D:10)
  A cyclops (D:11)
  An ice statue (IceCv)
  Maurice (D:10)
  A cane toad (Lair:1)
  A black mamba (Lair:1)
  An anaconda simulacrum (IceCv)
  2 ice devils (IceCv)
  A death yak simulacrum (IceCv)
  A steam dragon (D:10)
  2 water moccasins (Lair:1)
  A centaur (D:9)
  A kobold brigand (D:9)
  2 two-headed ogre simulacra (IceCv)
  A wight (D:9)
  2 killer bees
  A gnoll bouda (D:9)
  An orc wizard (D:11)
  A troll simulacrum (IceCv)
  2 spriggan simulacra (IceCv)
  9 gnolls
  9 white imps
  An ufetubus (IceCv)
  An orc (D:7)
  A hobgoblin (D:4)
  A kobold (D:9)
47 creatures vanquished.

Vanquished Creatures (others)
  9 ancestors
  8 knights
  A fungus (Lair:1)
  11 plants
29 creatures vanquished.

Grand Total: 314 creatures vanquished

Notes
Turn   | Place    | Note
-------+----------+-------------------------------------------
     0 | D:1      | oldriver the Mummy Necromancer began the quest for the Orb.
     0 | D:1      | Reached XP level 1. HP: 13/13 MP: 4/4
   223 | D:1      | Found a faded altar of an unknown god.
   227 | D:1      | Reached skill level 3 in Spellcasting
   626 | D:1      | Reached XP level 2. HP: 20/20 MP: 3/6
  1389 | D:2      | Reached skill level 1 in Fighting
  1461 | D:2      | Found Toshru's Assorted Antiques.
  1467 | D:2      | Gained mutation: You are in touch with the powers of death.
                  | [Mummy growth]
  1467 | D:2      | Reached XP level 3. HP: 26/26 MP: 4/8
  2155 | D:3      | Reached skill level 4 in Spellcasting
  2407 | D:3      | Reached XP level 4. HP: 32/32 MP: 7/10
  2411 | D:3      | Learned a level 3 spell: Vampiric Draining
  2752 | D:3      | Found a radiant altar of Vehumet.
  3268 | D:4      | Noticed Edmund
  3290 | D:4      | Killed Edmund
  3291 | D:4      | Reached skill level 5 in Spellcasting
  3291 | D:4      | Reached XP level 5. HP: 21/39 MP: 3/12
  3501 | D:4      | Reached skill level 5 in Necromancy
  3510 | D:4      | Reached XP level 6. HP: 40/46 MP: 8/14
  3696 | D:4      | Found an iron altar of Okawaru.
  3735 | D:4      | Reached skill level 6 in Spellcasting
  4314 | D:5      | Entered Level 5 of the Dungeon
  4640 | D:5      | Reached XP level 7. HP: 33/52 MP: 5/17
  4943 | D:5      | Reached skill level 7 in Spellcasting
  5402 | D:5      | Reached skill level 8 in Spellcasting
  5611 | D:5      | Found an ancient bone altar of Kikubaaqudgha.
  5611 | D:5      | Found a shadowy altar of Dithmenos.
  5639 | D:5      | Found a bloodstained altar of Trog.
  5641 | D:5      | Found a faded altar of an unknown god.
  5818 | D:5      | Reached XP level 8. HP: 61/61 MP: 20/20
  6419 | D:6      | Reached skill level 9 in Spellcasting
  6489 | D:6      | Reached skill level 5 in Fighting
  7572 | D:7      | Reached XP level 9. HP: 62/68 MP: 16/22
  7655 | D:7      | Reached skill level 10 in Spellcasting
  8328 | D:7      | Found a staircase to the Ecumenical Temple.
  8550 | Temple   | Entered the Ecumenical Temple
  8626 | Temple   | Became a worshipper of Hepliaklqana the Forgotten
  9178 | D:8      | Found a runed translucent gate.
  9179 | D:8      | Found a runed translucent gate.
  9179 | D:8      | Found a runed translucent gate.
  9181 | D:8      | Noticed osoart's ghost (novice OgGl)
  9181 | D:8      | Noticed bakla's ghost (novice DEEE)
  9394 | D:8      | You fall into a shaft and drop 3 floors!
  9403 | D:11     | Learned a level 1 spell: Sandblast
  9412 | D:11     | Noticed a cyclops
  9412 | D:11     | Noticed a troll
  9488 | D:11     | Noticed a two-headed ogre
  9551 | D:11     | Killed a two-headed ogre
  9552 | D:11     | Reached skill level 11 in Spellcasting
  9552 | D:11     | Reached skill level 1 in Earth Magic
  9568 | D:10     | Entered Level 10 of the Dungeon
  9686 | D:10     | Noticed a troll
  9774 | D:9      | Reached * piety under Hepliaklqana
  9812 | D:9      | Reached XP level 10. HP: 52/69 MP: 5/25
  9927 | D:9      | Found an opulent altar of Gozag.
 10098 | D:9      | Noticed a two-headed ogre
 10115 | D:9      | Killed a two-headed ogre
 10116 | D:9      | Reached skill level 12 in Spellcasting
 10551 | D:8      | Noticed a purple ugly thing
 10882 | D:8      | Killed a purple ugly thing
 11321 | D:9      | Noticed Erica
 11387 | D:9      | Learned a level 5 spell: Agony
 11425 | D:9      | Reached skill level 1 in Armour
 11512 | D:9      | Killed Erica
 11513 | D:9      | Reached skill level 13 in Spellcasting
 11968 | D:9      | Learned a level 3 spell: Stone Arrow
 12504 | D:10     | Reached XP level 11. HP: 76/76 MP: 15/28
 13033 | D:10     | Reached skill level 1 in Conjurations
 13124 | D:10     | Noticed Maurice
 13138 | D:10     | Killed Maurice
 13213 | D:10     | Reached ** piety under Hepliaklqana
 13214 | D:10     | Remembered your ancestor Caliana as a knight
 13224 | D:10     | Noticed Nergalle
 13242 | D:10     | Noticed a spectral orc warlord
 13245 | D:10     | Killed Nergalle
 13722 | D:11     | Noticed a boulder beetle
 13743 | D:11     | Killed a boulder beetle
 13937 | D:11     | Noticed a purple ugly thing
 13948 | D:11     | Killed a purple ugly thing
 14087 | D:11     | Reached skill level 14 in Spellcasting
 14494 | D:11     | Noticed a two-headed ogre
 14591 | D:11     | Killed a two-headed ogre
 14707 | D:11     | Found a staircase to the Lair.
 14829 | Lair:1   | Entered Level 1 of the Lair of Beasts
 14854 | Lair:1   | Found a frozen archway.
 15139 | Lair:1   | Noticed Fannar
 15185 | IceCv    | Entered an ice cave
 15741 | IceCv    | Reached *** piety under Hepliaklqana
 15764 | IceCv    | Reached skill level 5 in Dodging
 15937 | IceCv    | Reached XP level 12. HP: 84/84 MP: 26/30
 16056 | IceCv    | Reached skill level 15 in Spellcasting
 16490 | IceCv    | Noticed a reaper
 16616 | IceCv    | Demolished by a reaper

Illustrated notes

Levels and vault maps discovered:
D:1:      dpeg_arrival_tiny_a, layout_basic,
          hellmonk_ecumenical_altar_slurped_away, hangedman_decor_slide_cut
D:2:      layout_loops_ring, serial_shops, nicolae_shop_overgrown_old_shop,
          corexii_hall_statues_x
D:3:      layout_basic, lemuel_doored_altar,
          mainiacjoe_overflow_six_doors_small, grunt_ministairs_2
D:4:      layout_cave_pods, kennysheep_mini_moat, uniq_edmund
D:5:      layout_loops_corners, chequers_temple_overflow_minitemple,
          hangedman_decor_growths, roderic_lattice_a
D:6:      layout_basic, kennysheep_crisscross, minmay_fractal_squares_diagonal_5
D:7:      layout_loops_corners, temple_green, grunt_ministairs_2
D:8:      layout_loops_ring, gammafunk_ghost_cemetery, minmay_manual_mail
D:9:      layout_roguey, mainiacjoe_overflow_boulevard, serial_bayou_pond_b,
          nicolae_lava_and_water, uniq_erica
D:10:     layout_irregular_city, uniq_maurice, uniq_nergalle
D:11:     layout_loops_corners, lair_entry_dummy
Temple:   compressed_dpeg_circular_temple
Lair:1:   layout_roguey, portal_ice_cave_entry_imps, serial_bayou_pond_a,
          uniq_fannar
IceCv:    ice_cave_small_demon

Skill      XL: |  1  2  3  4  5  6  7  8  9 10 11 12 |
---------------+-------------------------------------+-----
Spellcasting   | 3 4 5 6 8 9 11 13 14 15 | 15.0
Fighting       | 1 2 3 4 5 6 7 8 |  8.9
Necromancy     | 5 6 8 9 |  9.0
Stealth        | 3 |  3.0
Dodging        | 2 3 5 |  5.0
Earth Magic    | 1 2 4 |  4.2
Armour         | 2 3 |  3.0
Conjurations   | 3 |  3.1
Shields        | |  0.3

Action                   |  1- 3 |  4- 6 |  7- 9 | 10-12 || total
-------------------------+-------+-------+-------+-------++-------
Melee: Dagger            |     3 |       |       |       ||     3
       Short sword       |       |    23 |   122 |    20 ||   165
 Cast: Necrotise         |    73 |    83 |   223 |   310 ||   689
       Vampiric Draining |       |     5 |    23 |    31 ||    59
       Sandblast         |       |       |       |    85 ||    85
       Agony             |       |       |       |     1 ||     1
       Stone Arrow       |       |       |       |    53 ||    53
Invok: Recall Ancestor   |       |       |       |     2 ||     2
       Ancestor Identity |       |       |       |     1 ||     1
       Ancestor Life: Kn |       |       |       |     1 ||     1
Evoke: Wand              |       |       |     2 |     6 ||     8
  Use: Scroll            |     4 |     2 |     9 |     9 ||    24
 Stab: Sleeping          |       |       |     1 |       ||     1
Armor: Robe              |     6 |    20 |    96 |    14 ||   136
       Steam dragon scal |       |       |       |    29 ||    29
       Troll leather arm |       |       |       |    56 ||    56
Dodge: Dodged            |    10 |    28 |   195 |   147 ||   380
Block: Kite shield       |       |       |       |    90 ||    90

Table legend: (Time is in decaauts)
 A = Elapsed time spent in this place.
 B = Non-inter-level travel time spent in this place.
 C = Inter-level travel time spent in this place.
 D = Time resting spent in this place.
 E = Time spent auto-exploring this place.
 F = Levels seen in this place.
 G = Mean time per level.
                   A        B        C        D        E       F      G
               +--------+--------+--------+--------+--------+-----+--------+
         Total |  16667 |  15701 |    966 |   1647 |  11067 |  14 | 1190.5 |
       Dungeon |  14733 |  13776 |    957 |    852 |  10456 |  11 | 1339.4 |
        Temple |    110 |    101 |      9 |      0 |     76 |   1 |  110.0 |
          Lair |    364 |    364 |      0 |      0 |    216 |   1 |  364.0 |
      Ice Cave |   1458 |   1458 |      0 |    795 |    319 |   1 | 1458.0 |
               +--------+--------+--------+--------+--------+-----+--------+

Top non-repeatable levels by time:
     D:9: 1814 daAuts
     D:6: 1636 daAuts
     D:5: 1492 daAuts
   IceCv: 1458 daAuts
    D:10: 1407 daAuts
     D:7: 1378 daAuts
     D:8: 1344 daAuts
    D:11: 1279 daAuts
     D:4: 1231 daAuts
     D:1: 1204 daAuts
     D:3: 1053 daAuts
     D:2: 891 daAuts
  Lair:1: 364 daAuts
  Temple: 110 daAuts
